Map: Cyber Forest LE

Players

llllllllllll

  • Race: Protoss Protoss
  • Spawn Location: 11:00

Polt - Winner!

  • Race: Terran Terran
  • League: Grandmaster
  • Spawn Location: 5:00

VOD

Have the link to the VOD?

Description

Time

  • Played on: July 6, 2019, 7:40 a.m.
  • Length: 19:09
Show
View Real Time Build Order
Export as new Build Order

llllllllllll Protoss 

Build Orders: 1 Gate Expand, Archon Immortal 

Get SALT Encoding   

  12  0:00  Probe  
  13  0:12  Probe  
  14  0:17  Pylon  
  14  0:24  Probe  
  15  0:34  Probe  
  15  0:36  Gateway  
  15  0:42  Probe  
  16  0:47  Assimilator  
  17  0:52  Probe  
  18  1:04  Probe  
  19  1:17  Probe  
  20  1:28  Cybernetics Core  
  20  1:33  Nexus  
  20  1:41  Pylon  
  20  1:43  Probe  
  21  1:50  Assimilator  
  21  1:54  Adept  
  21  1:55  Probe  
  22  2:05  Warp Gate  
  22  2:07  Probe  
  25  2:14  Stalker  
  25  2:19  Probe  
  28  2:31  Probe  
  28  2:33  Robotics Facility  
  29  2:43  Probe  
  30  2:44  Stalker  
  32  2:56  Probe  
  33  3:05  Gateway  
  33  3:08  Gateway  
  33  3:09  Probe  
  33  3:12  Warp Prism, Probe  
  33  3:17  Probe  
  33  3:24  Sentry  
  33  3:25  Probe  
  33  3:26  Probe  
  40  3:36  Pylon  
  40  3:37  Probe  
  40  3:38  Probe  
  42  3:48  Observer  
  43  3:49  Probe  
  43  3:50  Probe  
  45  3:59  Pylon  
  45  4:01  Probe  
  46  4:03  Probe  
  46  4:08  Adept x3  
  53  4:11  Assimilator, Observer  
  53  4:13  Assimilator  
  53  4:14  Probe x2  
  54  4:20  Pylon  
  54  4:22  Probe x2  
  58  4:31  Probe x2  
  58  4:33  Observer  
  58  4:34  Forge  
  58  4:35  Twilight Council  
  61  4:48  Pylon, Probe  
  62  4:54  Immortal  
  62  4:58  Stalker x2  
  70  5:10  Probe, Protoss Ground Armor Level 1  
  70  5:11  Probe  
  70  5:12  Charge  
  71  5:26  Nexus  
  71  5:29  Probe x2  
  73  5:36  Pylon  
  73  5:41  Probe x2  
  74  5:53  Probe x2  
  74  5:54  Pylon  
  76  5:58  Immortal  
  76  6:01  Templar Archives  
  80  6:05  Probe x2  
  82  6:12  Psionic Storm  
  82  6:17  Probe  
  82  6:18  Probe  
  84  6:21  Photon Cannon  
  84  6:22  Gateway  
  84  6:23  Gateway  
  84  6:24  Gateway  
  84  6:30  Probe x2  
  86  6:33  Shield Battery  
  86  6:38  High Templar x3  
  92  6:47  Protoss Ground Armor Level 2  
  92  6:49  Probe x3  
  92  6:50  Gateway  
  92  6:52  Gateway  
  95  6:59  Shield Battery  
  95  7:03  Pylon  
  95  7:09  Shield Battery  
  95  7:11  Pylon  
  95  7:13  Zealot x3  
  101  7:15  Pylon  
  101  7:18  High Templar  
  101  7:19  Zealot x2  
  107  7:24  Assimilator  
  107  7:25  Probe  
  107  7:26  Probe, Assimilator  
  107  7:27  Probe  
  110  7:35  Pylon x2  
  110  7:38  Probe x2  
  110  7:39  Probe  
  113  7:45  Photon Cannon  
  113  7:47  High Templar x2, Zealot x2  
  113  7:48  Zealot  
  107  8:00  Zealot  
  107  8:01  Zealot x2  
  101  8:08  Immortal  
  95  8:24  Archon  
  91  8:32  Blink, Stalker x4  
  91  8:33  High Templar, Stalker  
  103  8:34  Zealot  
  103  8:36  Protoss Ground Armor Level 3  
  103  8:39  High Templar  
  107  8:47  Immortal  
  111  8:55  Zealot x3  
  113  8:56  Zealot x3  
  123  9:13  Zealot x2  
  123  9:17  Zealot x6, Pylon  
  123  9:40  High Templar x4, Zealot, Nexus  
  123  9:41  Zealot x3  
  121  9:48  Immortal  
  121  9:51  Archon  
  109  9:57  Observer  
  109  10:04  Robotics Facility  
  109  10:06  Zealot x2  
  109  10:07  Zealot x2  
  101  10:13  Stalker x2  
  101  10:14  Observer, Stalker x2  
  107  10:24  Probe x3  
  110  10:29  Robotics Bay, Sentry x2  
  110  10:30  Sentry x2  
  118  10:36  Probe x3  
  121  10:48  Zealot x4  
  129  10:56  Stalker x4  
  137  11:07  Colossus x2  
  132  11:11  Zealot x4  
  147  11:27  Extended Thermal Lance  
  147  11:29  Protoss Ground Weapons Level 1  
  133  11:49  Nexus  
  133  11:50  High Templar x2  
  133  11:51  Pylon  
  137  11:54  Pylon, Colossus x2  
  136  12:05  Nexus  
  136  12:08  Pylon  
  148  12:15  Pylon  
  148  12:18  Probe x3  
  148  12:21  Stalker x3  
  157  12:26  Pylon  
  157  12:31  Pylon  
  114  12:53  Stalker x5  
  114  12:54  Stalker x2  
  114  12:55  Zealot  
  107  13:16  High Templar x3  
  107  13:17  High Templar  
  107  13:18  Stalker x2  
  107  13:19  Zealot x2  
  123  13:22  Archon x2  
  123  13:28  Protoss Ground Weapons Level 2  
  123  13:34  Assimilator  
  123  13:35  Assimilator  
  119  13:46  Stalker x4  
  125  13:54  Zealot x4  
  133  14:02  Disruptor x2  
  111  14:15  Zealot x8  
  129  14:18  Gateway  
  129  14:22  Gateway  
  129  14:28  Disruptor x2  
  128  14:39  High Templar x2, Stalker  
  128  14:40  Stalker x2  
  131  14:54  Zealot x3  
  131  15:02  Disruptor x2  
  119  15:12  Stalker x5  
  135  15:18  Stalker x4  
  143  15:30  High Templar  
  143  15:35  Nexus  
  143  15:51  Zealot x8  
  159  15:59  Zealot  
  133  16:38  Pylon  
  133  16:39  Pylon x2  
  112  16:48  Observer  
  112  16:52  Nexus  
  102  17:04  High Templar x6  
  102  17:05  High Templar x2, Pylon  
  116  17:14  Archon x3  
  116  17:21  Sentry  
  118  17:24  Zealot  
  47  18:13  Stalker x6  
  47  18:19  Zealot x2  
  63  18:24  Zealot  
  63  18:25  Zealot  
  65  18:38  Zealot x3  
  69  18:49  Assimilator  
  69  18:50  Assimilator  
  69  18:54  Zealot x2  
  61  18:58  Zealot  
  61  19:00  Zealot  
Show
View Real Time Build Order
Export as new Build Order

Polt Terran - Winner!

Build Orders: Reaper Expand 

Get SALT Encoding   

  12  0:00  SCV  
  13  0:13  SCV  
  14  0:17  Supply Depot  
  14  0:25  SCV  
  15  0:39  SCV  
  15  0:40  Barracks  
  16  0:44  Refinery  
  16  0:51  SCV  
  17  1:03  SCV  
  18  1:15  SCV  
  19  1:28  Orbital Command  
  19  1:29  Reaper  
  20  1:44  Command Center  
  20  1:54  SCV  
  20  1:56  Bunker  
  21  2:03  Barracks Reactor  
  21  2:07  SCV  
  22  2:10  Supply Depot  
  22  2:19  SCV  
  23  2:24  Factory  
  23  2:30  Refinery  
  23  2:31  SCV  
  24  2:39  Marine x2  
  26  2:46  SCV  
  27  2:57  Marine x2  
  27  2:58  SCV  
  30  3:10  SCV  
  30  3:11  Orbital Command  
  30  3:13  Starport  
  30  3:15  Widow Mine  
  32  3:22  SCV, Marine x2  
  35  3:34  SCV  
  35  3:37  Widow Mine  
  35  3:39  SCV  
  35  3:41  Marine x2  
  39  3:47  SCV  
  42  3:49  Supply Depot  
  42  3:50  Medivac  
  42  3:51  SCV  
  42  3:54  Barracks  
  45  3:59  Factory Tech Lab  
  45  4:00  SCV  
  46  4:11  Supply Depot, SCV, Marine x2  
  46  4:13  SCV  
  50  4:23  SCV  
  51  4:25  SCV, Factory Tech Lab  
  51  4:27  Raven  
  51  4:29  Refinery  
  53  4:35  SCV  
  53  4:38  SCV  
  55  4:39  Marine x2  
  55  4:43  Barracks Tech Lab  
  55  4:44  Barracks  
  57  4:47  SCV  
  57  4:48  Siege Tank  
  57  4:50  SCV  
  62  4:55  Engineering Bay  
  62  4:56  Supply Depot  
  62  4:59  Refinery  
  62  5:00  Supply Depot  
  62  5:04  SCV x2  
  62  5:11  Marauder  
  62  5:12  Stimpack  
  62  5:17  SCV x2, Marine x2  
  62  5:21  Supply Depot, Terran Infantry Weapons Level 1  
  66  5:34  Viking  
  67  5:37  SCV x2  
  67  5:39  Siege Tank  
  71  5:51  SCV x2  
  71  5:54  Marauder, Marine x3  
  71  5:56  Combat Shield  
  78  6:01  Command Center  
  78  6:02  Supply Depot  
  78  6:09  SCV x2  
  78  6:11  Starport Reactor, Siege Tank  
  83  6:18  Supply Depot, Marine  
  83  6:19  Marauder  
  83  6:24  Supply Depot, Marauder, Marine  
  89  6:33  SCV x2  
  89  6:37  Barracks  
  91  6:45  Barracks  
  91  6:47  Marauder, Marine x2  
  91  6:48  Marauder  
  91  6:49  Medivac x2  
  91  6:52  Supply Depot  
  101  6:54  Factory Reactor  
  101  6:56  SCV x2, Supply Depot  
  103  7:07  Marine x2  
  103  7:08  SCV x2  
  107  7:09  Marauder  
  107  7:13  Marauder  
  111  7:20  SCV x2  
  113  7:28  Barracks Reactor  
  113  7:30  Marauder, Marine x2  
  113  7:31  Concussive Shells  
  113  7:32  Marauder  
  113  7:33  Widow Mine x2  
  113  7:34  Marauder  
  125  7:39  Orbital Command  
  125  7:41  Supply Depot  
  125  7:42  Supply Depot  
  125  7:44  Supply Depot  
  125  7:45  SCV x2  
  118  7:59  Marauder x2, Marine x2  
  118  8:00  Marauder  
  121  8:07  Medivac  
  121  8:08  Medivac  
  124  8:13  Marine x2  
  124  8:14  Widow Mine  
  124  8:15  Widow Mine  
  124  8:16  Terran Infantry Armor Level 1  
  114  8:27  Marauder x3, Marine x2  
  114  8:31  Marine x2  
  120  8:37  SCV  
  120  8:38  SCV x2  
  120  8:39  Medivac x2  
  127  8:45  Marine x2  
  131  8:48  Marauder x3  
  131  8:49  Marine x2  
  131  8:52  Widow Mine x2  
  132  9:04  Marine x2  
  132  9:05  SCV x3  
  132  9:06  Marine x2  
  132  9:08  Supply Depot  
  132  9:09  Supply Depot x2, Refinery  
  145  9:10  Marauder x3, Refinery  
  145  9:11  Armory  
  145  9:14  Engineering Bay  
  145  9:20  Medivac x2, Widow Mine x2  
  134  9:32  Marauder x3, Marine x3  
  134  9:33  Marine  
  140  9:41  Widow Mine x2  
  140  9:49  Liberator x2  
  130  9:56  Marauder x3, Marine x4  
  135  10:03  Widow Mine x2  
  141  10:10  Terran Infantry Weapons Level 2  
  141  10:15  Marine x2  
  141  10:16  Marine x2  
  141  10:17  Marine x2  
  141  10:18  Terran Infantry Armor Level 2  
  147  10:26  Barracks x2  
  147  10:27  Barracks  
  147  10:34  Command Center, Liberator  
  147  10:35  Liberator  
  147  10:41  Marauder x2, Marine x4  
  147  10:42  Marauder  
  155  10:52  Ghost Academy  
  161  10:59  Marine x4  
  161  11:01  Widow Mine x2  
  161  11:03  Marauder x3  
  167  11:20  Marine x4  
  167  11:23  Ghost x2  
  167  11:24  Ghost  
  175  11:28  Orbital Command  
  156  11:52  Ghost x3, Marine x4  
  166  11:56  Planetary Fortress  
  166  11:57  SCV x3  
  166  11:58  Missile Turret  
  166  12:08  Refinery  
  166  12:20  Marine x2  
  166  12:21  Marauder x3, Marine x2  
  166  12:22  Medivac x2  
  142  12:52  Marine  
  142  12:53  Marauder x3, Marine x3  
  132  13:07  Medivac x2  
  134  13:13  Marine x4  
  134  13:14  Marauder x3  
  144  13:23  Barracks Tech Lab x2, Barracks Reactor  
  144  13:24  Widow Mine x2  
  146  13:31  Marine x4  
  150  13:35  Marauder x2  
  150  13:36  Marauder  
  155  13:50  Marauder  
  155  13:51  Marauder, Marine x4  
  159  13:56  SCV x4  
  159  13:57  Marauder x3  
  159  13:58  Command Center  
  159  13:59  Medivac x2  
  173  14:08  Marine x2  
  173  14:09  Marine  
  156  14:12  Marauder x2  
  154  14:17  Nuke  
  154  14:18  Marauder x3, Terran Infantry Weapons Level 3  
  154  14:19  Terran Infantry Armor Level 3, Terran Ship Weapons Level 1  
  160  14:33  Marauder x2  
  160  14:36  Marine x6  
  162  14:39  Marauder  
  162  14:40  Marauder x2  
  152  14:56  Marauder  
  152  14:57  Marauder, Marine x6  
  140  15:01  Marauder x3  
  142  15:09  Medivac  
  142  15:10  Medivac  
  142  15:12  Widow Mine x2  
  148  15:29  Starport  
  146  15:38  Marauder  
  146  15:39  Marauder x4, Marine x6  
  146  15:41  Medivac x2  
  154  15:45  Widow Mine x2  
  134  16:11  Medivac x2  
  134  16:16  Marauder x5, Marine x6  
  143  16:26  Planetary Fortress  
  109  17:18  Marauder x5, Marine x6  
  125  17:49  Refinery x2  
  71  18:14  Marauder x4, Marine x6  
  71  18:15  Marauder  
  87  18:24  SCV  
  77  18:41  Marauder x5  
  81  18:50  Marine x3  
Tags
 
Add a new tag
Caveats
  • Supply blocks, unpowered buildings, or Contaminate may cause inaccurate times.
  • Supply counts are checked every 10 seconds.